 Dungeon Crawl Stone Soup version 0.31-a0-216-g22e908daa7 (webtiles) character file.

Game seed: 6915944656861388513

175 qw the Shooter (level 5, 0/45 HPs)
             Began as a Minotaur Hexslinger on July 2, 2023.
             Slain by a gnoll
             ... wielding a +0 whip
             ... led by a gnoll bouda
              (2 damage)
             ... on level 4 of the Dungeon.
             The game lasted 00:01:05 (3333 turns).

qw the Shooter (Minotaur Hexslinger)                Turns: 3333, Time: 00:01:06

Health: 0/45       AC:  8    Str: 13    XL:     5   Next: 29%
Magic:  5/5        EV: 11    Int: 10    God:
Gold:   110        SH:  0    Dex: 14    Spells: 5/6 levels left

rFire   . . .        Y - +1 sling
rCold   . . .        (no shield)
rNeg    . . .        d - +0 ring mail
rPois   .            (helmet restricted)
rElec   .            (no cloak)
rCorr   .            (no gloves)
SInv    .            g - +2 pair of boots
Will    .....        f - amulet of the acrobat
Stlth   +            (no ring)
HPRegen 0.27/turn    (no ring)
MPRegen 0.09/turn

%: acrobat
@: no status effects
A: horns 2, retaliatory headbutt
a: no special abilities


You were on level 4 of the Dungeon.
You visited 1 branch of the dungeon, and saw 4 of its levels.

You collected 110 gold pieces.


Innate Abilities, Weirdness & Mutations

You have a pair of horns on your head.
You reflexively headbutt those who attack you in melee.


   Skills:
 - Level 3.0 Fighting
 + Level 5.3 Ranged Weapons
 - Level 1.2 Armour
 - Level 2.1 Dodging
 - Level 1.0 Spellcasting
 - Level 2.0 Hexes


You had 5 spell levels left.
You knew the following spells:

 Your Spells              Type           Power      Damage    Failure   Level
a - Slow                  Hex            16%        N/A       32%         1

Your spell library contained the following spells:

 Spells                   Type           Power      Damage    Failure   Level
 Inner Flame              Hex/Fire       2%         N/A       82%         3
 Portal Projectile        Hex/Tloc       4%         N/A       82%         3
 Cause Fear               Hex            2%         N/A       97%         4

Inventory:

Hand Weapons
 Y - a +1 sling (weapon)
Armour
 d - a +0 ring mail (worn)
 g - a +2 pair of boots (worn)
Jewellery
 f - an amulet of the acrobat (around neck)
Potions
 a - a potion of attraction {unknown}
 b - a potion of cancellation {unknown}
 c - a potion of curing {unknown}
 h - a potion of heal wounds {unknown}
 i - a potion of lignification {unknown}

Dungeon Overview and Level Annotations

Branches:
Dungeon (4/15)
 Temple: D:4-7

Altars:


Message History

The gnoll bouda barely misses you. You furiously retaliate!
You headbutt the gnoll bouda. The gnoll barely misses you.
You shoot a sling bullet. The sling bullet hits the gnoll bouda.
The gnoll bouda is almost dead.
The gnoll bouda barely misses you. The gnoll barely misses you.
You shoot a sling bullet.
The sling bullet barely misses the gnoll bouda.
The sling bullet hits the gnoll.
The gnoll is heavily wounded.
The gnoll bouda calls upon its god to heal the gnoll.
The gnoll is healed somewhat.
The gnoll hits you from afar with a +0 halberd.
You shoot a sling bullet. The sling bullet hits the gnoll bouda.
You kill the gnoll bouda!
The gnoll closely misses you. The gnoll hits you with a +0 whip.
You shoot a sling bullet.
The sling bullet hits the gnoll but does no damage.
The gnoll is lightly wounded.
The gnoll misses you. The gnoll closely misses you.
The gnoll barely misses you.
You shoot a sling bullet.
The sling bullet barely misses the gnoll.
The gnoll barely misses you. You furiously retaliate!
You headbutt the gnoll.
The gnoll hits you from afar with a +0 halberd.
You shoot a sling bullet.
The sling bullet hits the gnoll but does no damage.
The gnoll is moderately wounded.
The gnoll barely misses you. The gnoll closely misses you.
The gnoll hits you with a +0 whip.
You shoot a sling bullet. The sling bullet hits the gnoll.
The gnoll is heavily wounded.
The gnoll is no longer moving quickly.
The gnoll misses you. The gnoll hits you with a +0 whip.
You shoot a sling bullet. The sling bullet hits the gnoll.
The gnoll is severely wounded.
The gnoll hits you but does no damage. The gnoll hits you with a +0 whip.
The gnoll barely misses you.
You shoot a sling bullet.
The sling bullet completely misses the gnoll.
The gnoll hits you with a +0 whip.
You die...

# #.###
#####g#.## #..
......g..# #.#
#g# #.# #@#
#[# #.# #.#
#.# ##.#
#.###..#####.#
#.##.........#
#......#######
######..#
........#
#######.#


You could see 3 gnolls.

Vanquished Creatures
  A gnoll bouda (D:4)
  5 gnolls
  4 adders
  A worm (D:2)
  3 dart slugs
  2 orcs (D:3)
  10 ball pythons
  4 endoplasms
  2 giant cockroaches
  A goblin (D:2)
  5 hobgoblins
  4 kobolds
  A quokka (D:1)
  2 bats
  3 frilled lizards
  6 rats
54 creatures vanquished.

Notes
Turn   | Place    | Note
-------+----------+-------------------------------------------
     0 | D:1      | qw the Minotaur Hexslinger began the quest for the Orb.
     0 | D:1      | Reached XP level 1. HP: 16/16 MP: 1/1
     0 | D:1      | 0 ||| qw: Version: 0.3-a-40-ge99b1a8
     0 | D:1      | 0 ||| qw: Game counter: 7937
     0 | D:1      | 0 ||| qw: Melee chars always use a shield: true
     0 | D:1      | 0 ||| qw: God list: Okawaru
     0 | D:1      | 0 ||| qw: Allow faded altars: false
     0 | D:1      | 0 ||| qw: Do Orc after clearing Dungeon:15 true
     0 | D:1      | 0 ||| qw: Do second Lair branch before Depths: true
     0 | D:1      | 0 ||| qw: Lair rune preference: random
     0 | D:1      | 0 ||| qw: Goals: Normal
     0 | D:1      | 0 ||| PLANNING D:1-11
    24 | D:1      | Reached skill level 3 in Ranged Weapons
    24 | D:1      | Reached XP level 2. HP: 15/23 MP: 2/2
   883 | D:1      | 883 ||| UPGRADING to +0 ring mail.
   893 | D:1      | 893 ||| DROPPING +0 robe.
   894 | D:1      | 894 ||| UPGRADING to +1 pair of boots.
   899 | D:1      | 899 ||| READING scroll labelled JAPLUGHUTED.
   900 | D:1      | 900 ||| READING scroll labelled IRCHIS ICLUEF.
   901 | D:1      | 901 ||| DROPPING scroll of poison.
   966 | D:2      | 966 ||| Stepping ~*~*~tactically~*~*~ (outnumbered).
   971 | D:2      | Reached XP level 3. HP: 24/29 MP: 3/3
   979 | D:2      | Reached skill level 4 in Ranged Weapons
   982 | D:2      | HP: 4/29 [gnoll/+0 halberd (6)]
   984 | D:2      | Reached skill level 1 in Armour
  1009 | D:2      | 1009 ||| FLEEEEING.
  1010 | D:2      | 1010 ||| FLEEEEING.
  1011 | D:2      | 1011 ||| FLEEEEING.
  1015 | D:2      | 1015 ||| FLEEEEING.
  1016 | D:2      | 1016 ||| FLEEEEING.
  1017 | D:2      | 1017 ||| FLEEEEING.
  1019 | D:2      | 1019 ||| FLEEEEING.
  1020 | D:2      | 1020 ||| FLEEEEING.
  1030 | D:2      | 1030 ||| FLEEEEING.
  1031 | D:2      | 1031 ||| FLEEEEING.
  1032 | D:2      | 1032 ||| FLEEEEING.
  1036 | D:2      | 1036 ||| STAIRDANCE
  1091 | D:2      | 1091 ||| STAIRDANCE
  1121 | D:2      | 1121 ||| STAIRDANCE
  1168 | D:2      | 1168 ||| STAIRDANCE
  1209 | D:2      | 1209 ||| STAIRDANCE
  1250 | D:2      | 1250 ||| STAIRDANCE
  1279 | D:2      | 1279 ||| STAIRDANCE
  1338 | D:2      | Reached XP level 4. HP: 36/36 MP: 4/4
  1729 | D:2      | Found a faded altar of an unknown god.
  2060 | D:2      | 2060 ||| UPGRADING to amulet of the acrobat.
  2065 | D:2      | 2065 ||| READING scroll labelled QOQUEQA MUGGORA.
  2066 | D:2      | 2066 ||| READING scroll labelled TAGHUVV DOECRE.
  2162 | D:3      | Reached skill level 5 in Ranged Weapons
  2405 | D:3      | 2405 ||| READING scroll of enchant armour.
  2405 | D:3      | 2405 ||| ENCHANTING +1 pair of boots.
  3026 | D:3      | Reached skill level 3 in Fighting
  3026 | D:3      | Reached XP level 5. HP: 45/45 MP: 5/5
  3229 | D:3      | 3229 ||| READING scroll labelled FIVVAEPTAFF.
  3230 | D:3      | 3230 ||| READING scroll labelled WUEPNAOFYA.
  3306 | D:4      | 3306 ||| Stepping ~*~*~tactically~*~*~ (outnumbered).
  3327 | D:4      | HP: 10/45 [gnoll/+0 whip[a gnoll bouda] (3)]
  3331 | D:4      | HP: 4/45 [gnoll/+0 whip[a gnoll bouda] (2)]
  3332 | D:4      | HP: 1/45 [gnoll/+0 whip[a gnoll bouda] (3)]
  3333 | D:4      | Slain by a gnoll

Levels and vault maps discovered:
D:1:      psy_arrival_dodecagon, layout_basic, minmay_curled_crystal
D:2:      layout_basic, nicolae_ecumenical_snake_handling
D:3:      layout_basic
D:4:      layout_loops_ring, lemuel_doored_altar,
          nicolae_qazlal_beasts_of_the_sky, minmay_temple_entry_ruins

Skill      XL: |  1  2  3  4 |
---------------+-------------+-----
Ranged Weapons | 3 4 5 |  5.3
Fighting       | 2 3 |  3.0
Armour         | 1 |  1.2
Dodging        | |  2.1
Spellcasting   | |  1.0
Hexes          | |  2.0

Action                     |  1- 3 |  4- 6 || total
---------------------------+-------+-------++-------
   Fire: Sling             |    79 |   140 ||   219
    Use: Scroll            |     2 |     5 ||     7
 Armour: Ring mail         |    12 |    36 ||    48
  Dodge: Dodged            |    25 |    63 ||    88

Table legend:
 A = Non-vault XP
 B = Vault XP
 C = Vault XP percentage of total XP
 D = Non-vault monster count
 E = Vault monster count
 F = Vault count percentage of total count
                 A         B        C        D         E       F
            +---------+---------+-------+---------+---------+-------
      Total |     230 |      20 |   8.0 |      49 |       5 |   9.3
            +---------+---------+-------+---------+---------+-------
        D:1 |      37 |       0 |   0.0 |      14 |       0 |   0.0
        D:2 |      98 |      20 |  16.9 |      17 |       5 |  22.7
        D:3 |      54 |       0 |   0.0 |      16 |       0 |   0.0
        D:4 |      41 |       0 |   0.0 |       2 |       0 |   0.0
            +---------+---------+-------+---------+---------+-------
